 Dungeon Crawl Stone Soup version 0.30-a0-4-ga7cffc901d (webtiles) character file.

Game seed: 15361516692131128569

21 enile the Charlatan (level 2, -1/23 HPs)
             Began as a Gnoll Wanderer on Aug 21, 2022.
             Slain by a gnoll
             ... wielding a +0 whip
              (9 damage)
             ... on level 1 of the Dungeon.
             The game lasted 00:01:04 (454 turns).

enile the Charlatan (Gnoll Wanderer)                 Turns: 454, Time: 00:01:04

Health: -1/23      AC:  3    Str: 13    XL:     2   Next: 87%
Magic:  2/2        EV: 12    Int:  7    God:
Gold:   43         SH:  0    Dex: 13    Spells: 2/2 levels left

rFire   + . .      SeeInvis .    k - +2 short sword (elec)
rCold   + . .      Faith    .    (no shield)
rNeg    . . .      Spirit   .    f - +0 leather armour
rPois   .          Reflect  .    (no helmet)
rElec   .          Harm     .    g - scarf {rC+ rF+}
rCorr   .          Rampage  .    (no gloves)
Will    .....                    (no boots)
Stlth   ++........               (no amulet)
HPRegen 0.07/turn                (no ring)
MPRegen 0.08/turn                (no ring)

@: no status effects
A: fangs 1, strong nose, distributed training
a: no special abilities


You were on level 1 of the Dungeon.
You visited 1 branch of the dungeon, and saw 1 of its levels.

You collected 43 gold pieces.

Inventory:

Hand Weapons
 a - a +2 dagger
 c - a +0 spear
 j - a +2 war axe of electrocution
 k - a +2 short sword of electrocution (weapon)
Missiles
 b - a curare-tipped dart (quivered)
 h - 2 atropa-tipped darts
Armour
 f - a +0 leather armour (worn)
 g - a scarf of resistance (worn)
Wands
 d - a wand of flame (3)
Scrolls
 e - a scroll of fear
 i - a scroll of noise {unknown}


   Skills:
 + Level 2.5 Fighting
 + Level 0.5 Short Blades
 + Level 0.5 Long Blades
 + Level 0.5 Axes
 + Level 0.5 Maces & Flails
 + Level 2.5 Polearms
 + Level 0.5 Staves
 + Level 0.5 Ranged Weapons
 + Level 4.5 Throwing
 + Level 2.5 Armour
 + Level 2.5 Dodging
 + Level 4.1 Stealth
 + Level 0.5 Shields
 + Level 0.5 Unarmed Combat
 + Level 0.5 Spellcasting
 + Level 0.4 Conjurations
 + Level 0.4 Hexes
 + Level 0.4 Summonings
 + Level 0.4 Necromancy
 + Level 0.4 Translocations
 + Level 0.4 Transmutations
 + Level 0.4 Fire Magic
 + Level 0.4 Ice Magic
 + Level 0.4 Air Magic
 + Level 0.4 Earth Magic
 + Level 0.4 Poison Magic
 + Level 0.7 Invocations
 + Level 4.5 Evocations


You had 2 spell levels left.
You didn't know any spells.
Your spell library was empty.

Dungeon Overview and Level Annotations

Branches:
Dungeon (1/15)

Altars:


Innate Abilities, Weirdness & Mutations

You have very sharp teeth.
Your uncanny sense of smell can sniff out nearby items.
Your experience applies equally to all skills.


Message History

You bite the endoplasm, but do no damage.
The endoplasm barely misses you.
You barely miss the quokka.
The endoplasm hits you but does no damage.
The quokka bites you.
You hit the quokka.
The quokka is severely wounded.
The endoplasm barely misses you. The quokka bites you.
The endoplasm attacks as you move away! The endoplasm barely misses you.
The quokka attacks as you move away! The quokka closely misses you.
You miss the quokka.
The quokka is severely wounded.
The quokka bites you but does no damage.
The quokka misses you.
You closely miss the quokka.
The quokka is severely wounded.
The quokka barely misses you.
You hit the quokka.
You kill the quokka!
You hit the endoplasm.
You kill the endoplasm!
You close the door.
You open the door.
There is an open door here.
A gnoll is nearby!
The gnoll shouts!
You hit the gnoll. You bite the gnoll, but do no damage.
The gnoll is lightly wounded.
The gnoll hits you with a +0 whip!
You hit the gnoll but do no damage.
The gnoll is lightly wounded.
The gnoll hits you with a +0 whip.
You hit the gnoll.
The gnoll is heavily wounded.
The gnoll hits you with a +0 whip!
You are too injured to fight recklessly!
You hit the gnoll.
The gnoll is severely wounded.
The gnoll hits you with a +0 whip!
You die...

##### #...# #...#
#...####### ###
#.........#
..########.........#
....÷....'......@g.+
#.########.........#
#.# #.........# ..#
#.######### #.# #.##
#.### #..# ####
#...### ##)## ###..#
#.....####÷..####....#
..#.....#..~..#.....##


You could see a gnoll.

Vanquished Creatures
  A gnoll (D:1)
  2 endoplasms (D:1)
  2 giant cockroaches (D:1)
  2 quokkas (D:1)
  A ball python (D:1)
  A goblin (D:1)
  A kobold (D:1)
  2 rats (D:1)
12 creatures vanquished.

Notes
Turn   | Place    | Note
-------+----------+-------------------------------------------
     0 | D:1      | enile the Gnoll Wanderer began the quest for the Orb.
     0 | D:1      | enile set off with the following items: a +2 dagger, a
                  | curare-tipped dart, a +0 spear, a wand of flame (3), a
                  | scroll of fear, a +0 leather armour.
     0 | D:1      | Reached XP level 1. HP: 17/17 MP: 1/1
    69 | D:1      | Reached XP level 2. HP: 15/23 MP: 2/2
   454 | D:1      | Slain by a gnoll

Illustrated notes

Levels and vault maps discovered:
D:1:      eino_arrival_water_star, layout_basic

Action                   || total
-------------------------++-------
Melee: Dagger            ||    11
       Bite              ||     4
       Short sword       ||    12
       War axe           ||     8
       Punch             ||     1
  Use: Potion            ||     1
 Stab: Sleeping          ||     3
Armor: Leather armour    ||     5
Dodge: Dodged            ||    18

Table legend: (Time is in decaauts)
 A = Elapsed time spent in this place.
 B = Non-inter-level travel time spent in this place.
 C = Inter-level travel time spent in this place.
 D = Time resting spent in this place.
 E = Time spent auto-exploring this place.
 F = Levels seen in this place.
 G = Mean time per level.
                   A        B        C        D        E       F      G
               +--------+--------+--------+--------+--------+-----+--------+
         Total |    460 |    431 |     29 |     97 |    215 |   1 |  460.0 |
       Dungeon |    460 |    431 |     29 |     97 |    215 |   1 |  460.0 |
               +--------+--------+--------+--------+--------+-----+--------+

Top non-repeatable levels by time:
     D:1: 460 daAuts
